 Dungeon Crawl Stone Soup version 0.29.1-1-gd02db6906a (webtiles) character file.

Game seed: 9098655098795775350

617 tardwrangler69 the Digger (level 7, -12/41 HPs)
             Began as an Octopode Earth Elementalist on Oct 4, 2022.
             Mangled by a gnoll
             ... wielding a +0 halberd
              (13 damage)
             ... on level 5 of the Dungeon.
             The game lasted 00:05:18 (4226 turns).

tardwrangler69 the Digger (OpEE)                    Turns: 4226, Time: 00:05:18

Health: -12/41     AC:  5    Str:  7    XL:     7   Next: 45%
Magic:  13/15      EV:  7    Int: 20    God:
Gold:   315        SH:  0    Dex: 12    Spells: 13/16 levels left

rFire   . . .      SeeInvis .   f - +2 dagger (elec)
rCold   . . .      Faith    .   (no shield)
rNeg    . . .      Spirit   .   (helmet restricted)
rPois   .          Reflect  .   (no amulet)
rElec   .          Harm     .   q - +4 ring of protection
rCorr   +          Rampage  .   l - ring of resist corrosion
Will    .....                   (no ring)
Stlth   +++.......              (no ring)
HPRegen 0.13/turn               (no ring)
MPRegen 0.14/turn               (no ring)
                                (no ring)
                                (no ring)

@: held
A: almost no armour, amphibious, 8 rings, camouflage 1, gelatinous body 1,
(nimble swimmer 1), tentacles
a: no special abilities


You were on level 5 of the Dungeon.
You visited 1 branch of the dungeon, and saw 5 of its levels.

You collected 315 gold pieces.

Inventory:

Hand Weapons
 f - a +2 dagger of electrocution (weapon)
Jewellery
 l - a ring of resist corrosion (right tentacle)
 q - a +4 ring of protection (left tentacle)
Wands
 m - a wand of light (9)
Scrolls
 b - a scroll of teleportation
 d - a scroll of fear
 g - a scroll of enchant weapon {unknown}
 i - a scroll of poison {unknown}
 k - 2 scrolls of amnesia
Potions
 a - a potion of magic
 c - 3 potions of might
 e - a potion of attraction
 h - a potion of flight
 j - a potion of haste


   Skills:
 - Level 2.0 Dodging
 - Level 2.6 Stealth
 + Level 5.4 Spellcasting
 - Level 1.0 Transmutations
 + Level 6.2 Earth Magic


You had 13 spell levels left.
You knew the following spells:

 Your Spells              Type           Power      Damage    Failure   Level
a - Sandblast             Erth           60%        2d14      1%          1
b - Passwall              Tmut/Erth      16%        N/A       3%          2

Your spell library contained the following spells:

 Spells                   Type           Power      Damage    Failure   Level
 Stone Arrow              Conj/Erth      34%        3d9       10%         3
 Petrify                  Tmut/Erth      20%        N/A       24%         4


Dungeon Overview and Level Annotations

Branches:
Dungeon (5/15)
 Temple: D:4-7

Altars:
Dithmenos

Annotations:
D:4 exclusions: black bear and orc


Innate Abilities, Weirdness & Mutations

You cannot wear most types of armour.
You are amphibious.
You can wear up to eight rings at the same time.
Your skin changes colour to match your surroundings (Stealth+).
Your rubbery body absorbs attacks. (AC +1, EV +1)
((You are camouflaged when in or above water. (Stealth+)))
You have tentacles for arms and can constrict up to eight enemies at once.


Message History

Casting: Sandblast (safe; 1% risk of failure)
Confirm with . or Enter, or press ? or * to list all spells.
Aiming: Sandblast (safe; 1% risk of failure)
Press: ? - help, Shift-Dir - straight line, f - gnoll
Aim: a gnoll, wielding a +0 halberd (86% to hit)
The blast of sand hits the gnoll!
You kill the gnoll!
The gnoll shouts! x2
A gnoll comes into view. It is wielding a +0 spear.
The gnoll throws a throwing net.
The throwing net hits you.
You become entangled in the net!
Casting: Sandblast (safe; 1% risk of failure)
Confirm with . or Enter, or press ? or * to list all spells.
Aiming: Sandblast (safe; 1% risk of failure)
Press: ? - help, Shift-Dir - straight line, f - gnoll
Aim: a gnoll, wielding a +0 halberd (86% to hit)
The blast of sand hits the gnoll.
The gnoll is heavily wounded.
The gnoll shouts!
A gnoll comes into view. It is wielding a +0 club.
Casting: Sandblast (safe; 1% risk of failure)
Confirm with . or Enter, or press ? or * to list all spells.
Aiming: Sandblast (safe; 1% risk of failure)
Press: ? - help, Shift-Dir - straight line, f/p - gnoll
Aim: a gnoll, wielding a +0 halberd (heavily wounded, 86% to hit)
The blast of sand hits the gnoll!
You kill the gnoll!
You struggle against the net.
The gnoll hits you from afar with a +0 halberd.
The gnoll barely misses you.
You struggle against the net.
The gnoll hits you from afar with a +0 halberd! x3
* * * LOW HITPOINT WARNING * * *
You feel better.
The gnoll hits you from afar with a +0 halberd!
* * * LOW HITPOINT WARNING * * *
The gnoll hits you from afar with a +0 halberd.
* * * LOW HITPOINT WARNING * * *
The gnoll hits you from afar with a +0 halberd!
You die...

)###.......# ##
##...##....# # ##..# . #
##.### .# # #...# .##
.########.## ..## .
...........#####..# .P.
............<.....#gg...
.......#######..@.g#
.(............###.g.....
...... ..(.... .g.....
#.. ....... ...)... ##.
?...... #...... #######
...... ...... ##.###


You could see 5 gnolls.

Vanquished Creatures
  An ogre (D:4)
  A phantom (D:5)
  2 scorpions (D:4)
  An orc priest (D:4)
  5 iguanas
  6 gnolls
  3 adders
  An ufetubus (D:5)
  A worm (D:2)
  10 orcs
  4 ball pythons
  9 bats
  10 endoplasms
  2 giant cockroaches
  12 goblins
  8 hobgoblins
  9 kobolds
  2 quokkas (D:2)
  4 frilled lizards
  7 rats
98 creatures vanquished.

Vanquished Creatures (others)
  9 fungi (D:1)
  4 plants (D:1)
13 creatures vanquished.

Grand Total: 111 creatures vanquished

Notes
Turn   | Place    | Note
-------+----------+-------------------------------------------
     0 | D:1      | tardwrangler69 the Octopode Earth Elementalist began the
                  | quest for the Orb.
     0 | D:1      | Reached XP level 1. HP: 11/11 MP: 3/3
   207 | D:1      | Reached XP level 2. HP: 17/17 MP: 0/5
   377 | D:1      | You fall into a shaft and drop 1 floor!
   539 | D:2      | Reached XP level 3. HP: 21/21 MP: 2/7
  1225 | D:1      | Found a faded altar of an unknown god.
  1315 | D:2      | Reached skill level 4 in Earth Magic
  1315 | D:2      | Reached XP level 4. HP: 27/27 MP: 5/8
  1347 | D:2      | Learned a level 2 spell: Passwall
  2224 | D:3      | Reached XP level 5. HP: 31/31 MP: 6/10
  2802 | D:4      | Found a shadowy altar of Dithmenos.
  2920 | D:4      | Noticed a black bear
  2992 | D:4      | Noticed an ogre
  2998 | D:4      | Killed an ogre
  2999 | D:4      | Reached skill level 5 in Earth Magic
  2999 | D:4      | Reached XP level 6. HP: 36/36 MP: 7/12
  3640 | D:4      | Reached XP level 7. HP: 41/41 MP: 10/14
  3769 | D:5      | Entered Level 5 of the Dungeon
  3786 | D:5      | Reached skill level 5 in Spellcasting
  3941 | D:5      | Reached skill level 6 in Earth Magic
  4226 | D:5      | HP: 1/41 [gnoll/+0 halberd (5)]
  4226 | D:5      | Mangled by a gnoll

Illustrated notes

Levels and vault maps discovered:
D:1:      grunt_arrival_lava_bath, layout_rooms,
          shapermc_ecumenical_altar_hornbeckon
D:2:      layout_loops_ring, minmay_bisected
D:3:      layout_rooms, nicolae_underground_beach
D:4:      cheibrodos_barr_body, layout_loops_ring, mainiacjoe_overflow_paths,
          glass_columns_b
D:5:      layout_rooms, yredelemnul_altar_generic, portal_sewer_entry_e

Skill      XL: |  1  2  3  4  5  6  7 |
---------------+----------------------+-----
Spellcasting   | 3 4 5 |  5.4
Earth Magic    | 4 5 6 |  6.2
Dodging        | |  2.0
Stealth        | |  2.6
Transmutations | |  1.0

Action                   |  1- 3 |  4- 6 |  7- 9 || total
-------------------------+-------+-------+-------++-------
Melee: Dagger            |     3 |     1 |       ||     4
       Constrict         |     2 |     1 |       ||     3
       Tentacles         |     1 |     1 |       ||     2
 Cast: Sandblast         |    47 |    70 |    27 ||   144
  Use: Scroll            |       |       |    11 ||    11
       Potion            |       |       |     1 ||     1
Armor: Skin              |     2 |     2 |     3 ||     7
Dodge: Dodged            |    14 |    22 |    11 ||    47
